Map: Pillars of Gold LE

Players

ViBE

  • Race: Terran Terran
  • League: Gold
  • Spawn Location: 1:00

AznSoB - Winner!

  • Race: Zerg Zerg
  • League: Platinum
  • Spawn Location: 7:00

VOD

Have the link to the VOD?

Description

Time

  • Played on: March 26, 2021, 6:54 p.m.
  • Length: 16:26
Show
View Real Time Build Order
Export as new Build Order

ViBE Terran 

Build Orders:  

Get SALT Encoding   

  12  0:01  SCV  
  13  0:14  SCV  
  14  0:21  Supply Depot  
  14  0:27  SCV  
  15  0:42  SCV  
  16  0:46  Barracks  
  16  0:54  Refinery, SCV  
  17  1:06  SCV  
  18  1:19  SCV  
  19  1:35  Marine  
  19  1:37  Orbital Command  
  20  1:46  Command Center  
  20  1:54  Marine  
  21  2:03  SCV  
  21  2:07  Supply Depot  
  22  2:16  SCV  
  23  2:23  Barracks Reactor  
  23  2:28  Factory  
  23  2:29  SCV  
  24  2:41  SCV  
  25  2:53  SCV  
  26  3:00  Orbital Command  
  26  3:04  Marine  
  26  3:05  SCV, Marine  
  28  3:07  Refinery  
  28  3:12  Factory Tech Lab, Barracks  
  28  3:17  SCV  
  29  3:20  Supply Depot  
  29  3:29  SCV  
  29  3:30  SCV  
  29  3:32  Marine x2  
  33  3:34  Siege Tank  
  36  3:41  SCV  
  36  3:42  SCV  
  36  3:44  Supply Depot  
  38  3:52  Marine x2  
  38  3:53  SCV  
  38  3:54  SCV  
  42  4:00  Barracks Tech Lab  
  42  4:02  Starport  
  42  4:06  SCV x2  
  42  4:09  Supply Depot  
  44  4:18  SCV x2  
  46  4:30  SCV x2  
  48  4:33  Supply Depot  
  48  4:42  SCV, Command Center  
  48  4:43  SCV  
  50  4:47  Starport Reactor  
  50  4:50  Marine x3  
  53  4:54  SCV  
  53  4:55  SCV  
  53  4:56  Siege Tank  
  53  4:58  Supply Depot  
  58  5:06  SCV  
  60  5:07  SCV  
  60  5:10  Marine x3  
  63  5:24  SCV x2  
  65  5:29  Refinery  
  65  5:31  Refinery, Engineering Bay, Marine x3  
  65  5:32  Engineering Bay  
  68  5:36  SCV x2  
  68  5:38  Siege Tank  
  68  5:40  Stimpack  
  73  5:43  Medivac x2  
  73  5:48  SCV x2  
  79  5:56  Orbital Command  
  79  6:01  Marine x3  
  79  6:03  Barracks  
  82  6:06  SCV x2  
  82  6:11  Barracks  
  84  6:18  Medivac x2  
  88  6:19  SCV x2  
  88  6:22  Terran Infantry Weapons Level 1  
  88  6:25  Terran Infantry Armor Level 1  
  90  6:31  Orbital Command  
  90  6:36  SCV x2  
  92  6:48  SCV x2  
  94  6:57  Marine  
  94  6:58  Marine  
  94  6:59  Barracks Reactor x2, Marine  
  94  7:01  Armory  
  97  7:02  Medivac x2  
  101  7:15  Supply Depot x3  
  101  7:29  Supply Depot  
  101  7:30  SCV  
  101  7:31  Marine, Supply Depot x2  
  101  7:32  SCV  
  101  7:33  SCV, Marine  
  101  7:34  Marine  
  101  7:35  Medivac  
  101  7:36  Medivac  
  103  7:42  SCV  
  103  7:44  SCV  
  105  7:46  SCV  
  105  7:49  Marine  
  105  7:50  Marine  
  100  7:51  Marine  
  100  7:54  SCV  
  100  7:56  SCV  
  100  7:57  Command Center  
  100  7:58  SCV  
  102  8:00  Barracks  
  102  8:02  Barracks  
  102  8:04  Barracks  
  102  8:06  SCV  
  102  8:07  Barracks  
  102  8:08  SCV, Marine  
  102  8:09  Marine x6  
  102  8:10  SCV  
  112  8:16  Medivac x2, Thor  
  112  8:18  SCV  
  123  8:20  SCV  
  123  8:24  Refinery  
  123  8:25  Refinery  
  123  8:26  Marine  
  125  8:29  Supply Depot x2  
  125  8:44  SCV x2  
  125  8:45  SCV  
  128  8:52  Marine  
  128  8:53  Marine x6  
  128  8:55  Medivac x2  
  139  8:58  Thor  
  145  9:10  Marine x4  
  145  9:11  Marine x2  
  145  9:12  Marine  
  145  9:14  SCV x3, Planetary Fortress  
  155  9:20  Terran Infantry Armor Level 2, Terran Infantry Weapons Level 2  
  155  9:21  Terran Vehicle Weapons Level 1  
  155  9:36  Barracks Reactor  
  155  9:37  Barracks Reactor  
  155  9:38  Barracks Reactor  
  155  9:40  Marine x7  
  155  9:42  Barracks Reactor  
  162  9:47  Medivac x2  
  162  9:48  SCV x2  
  168  9:55  Thor  
  168  9:57  SCV  
  168  9:58  Marine x5  
  180  10:03  Supply Depot  
  180  10:04  Supply Depot  
  180  10:05  Command Center  
  180  10:08  Supply Depot  
  180  10:16  Combat Shield  
  180  10:21  Marine  
  180  10:22  Marine x2  
  180  10:32  Supply Depot x2  
  180  10:33  Supply Depot  
  180  10:34  Supply Depot  
  170  10:37  Marine x3  
  170  10:38  SCV x3, Marine x2  
  170  10:39  Marine x5  
  170  10:40  Marine x4  
  170  10:41  Marine, Medivac  
  170  10:42  Medivac  
  161  10:43  Thor  
  161  10:44  Barracks  
  161  10:45  Barracks x2  
  161  10:47  Barracks x2  
  161  10:49  Barracks  
  153  10:54  Marine  
  153  10:55  Marine x2  
  153  10:56  Marine x2  
  135  10:57  Marine x5  
  135  10:58  Marine x5  
  135  11:03  SCV x3  
  146  11:12  Marine  
  146  11:13  Marine x2  
  146  11:15  SCV x3  
  146  11:16  Terran Vehicle Weapons Level 2  
  146  11:17  Marine  
  146  11:18  Marine x11  
  163  11:19  Planetary Fortress  
  160  11:27  SCV  
  160  11:30  Marine  
  160  11:31  Marine x2, Thor  
  143  11:33  Command Center  
  143  11:35  Marine x3  
  130  11:41  Marine x8  
  130  11:42  Marine x3  
  130  11:43  Marine  
  130  11:48  Marine  
  130  11:50  SCV x3  
  126  11:59  Terran Infantry Weapons Level 3, Terran Infantry Armor Level 3  
  126  12:00  Marine x2  
  126  12:01  Marine x10  
  136  12:08  Barracks Reactor x2  
  136  12:22  SCV x4  
  140  12:24  Marine x11, Command Center  
  151  12:36  Thor  
  157  12:43  Marine x8  
  157  12:44  Marine x2  
  167  12:54  Marine x5  
  167  12:55  Marine x2  
  167  12:58  SCV x2  
  165  13:01  Marine x7  
  150  13:06  Marine  
  150  13:07  Marine x4  
  129  13:13  Marine x5  
  129  13:14  Marine x2  
  136  13:22  Marine x7  
  136  13:24  Marine x2  
  141  13:40  Marine x11  
  129  13:43  SCV x2  
  129  13:45  SCV x2  
  118  14:00  Orbital Command  
  116  14:02  Marine  
  116  14:03  Marine x5  
  116  14:04  Marine  
  116  14:05  Marine, Command Center  
  124  14:11  SCV x2  
  126  14:22  SCV  
  126  14:23  Refinery, SCV  
  126  14:24  SCV, Marine x12  
  129  14:25  Marine  
  129  14:26  Marine  
  129  14:27  Marine  
  129  14:28  Marine  
  129  14:29  Marine  
  129  14:31  Marine  
  147  14:32  Marine  
  147  14:35  Orbital Command  
  146  14:41  Marine  
  146  14:45  SCV x3  
  138  14:51  Marine  
  138  14:52  Marine x5  
  136  14:57  SCV x3  
  135  15:03  SCV  
  136  15:09  SCV x3  
  139  15:15  SCV  
  139  15:21  SCV, Planetary Fortress  
  140  15:22  SCV x2  
  140  15:25  Marine x10  
  140  15:26  Marine  
  140  15:27  SCV, Marine x2  
  157  15:30  Medivac  
  157  15:33  SCV  
  157  15:34  SCV  
  161  15:39  Medivac, Thor  
  169  15:43  Marine x2  
  169  15:44  Marine x4  
  169  15:45  Marine  
  160  15:58  SCV  
  160  15:59  SCV x3  
  126  16:05  Marine x5  
  126  16:10  SCV  
  126  16:11  SCV x3  
  108  16:16  Command Center  
Show
View Real Time Build Order
Export as new Build Order

AznSoB Zerg - Winner!

Build Orders: Hatch First, Roach Hydra 

Get SALT Encoding   

  12  0:01  Drone  
  13  0:11  Drone  
  14  0:14  Extractor  
  14  0:19  Overlord  
  14  0:37  Drone x2  
  16  0:51  Hatchery  
  16  0:55  Drone  
  16  1:06  Drone  
  16  1:07  Drone  
  18  1:20  Extractor  
  18  1:22  Spawning Pool  
  18  1:24  Drone  
  18  1:25  Drone  
  18  1:35  Drone  
  19  1:46  Overlord  
  20  1:54  Drone  
  20  2:09  Zergling x4  
  20  2:10  Queen x2  
  26  2:22  Drone x2  
  28  2:26  Overlord  
  28  2:28  Overlord  
  28  2:36  Drone x2  
  30  2:47  Overlord x2  
  29  2:59  Queen  
  29  3:02  Lair  
  30  3:14  Drone  
  30  3:15  Drone x3  
  34  3:24  Drone  
  34  3:25  Drone  
  36  3:28  Drone x4  
  36  3:29  Drone x2  
  42  3:37  Roach Warren  
  42  3:41  Evolution Chamber  
  40  3:43  Drone x2  
  42  3:51  Extractor  
  42  3:54  Extractor  
  40  4:03  Drone x3  
  40  4:05  Hatchery  
  42  4:19  Drone x2  
  42  4:20  Drone x3  
  42  4:21  Overlord  
  47  4:31  Roach x2  
  51  4:43  Drone  
  52  4:46  Drone x6  
  58  4:54  Queen  
  60  5:00  Roach x3  
  66  5:11  Drone x5  
  71  5:15  Zerg Missile Weapons Level 1, Glial Reconstitution  
  71  5:19  Extractor  
  71  5:20  Drone  
  71  5:21  Drone x2  
  73  5:32  Drone x2  
  73  5:33  Drone x2  
  77  5:40  Roach x2  
  81  5:50  Drone  
  81  5:51  Overlord  
  81  5:52  Overlord x7  
  82  6:07  Extractor  
  82  6:08  Extractor  
  80  6:12  Drone  
  80  6:13  Drone x6  
  87  6:22  Hatchery, Hydralisk Den  
  87  6:25  Drone x2, Infestation Pit  
  86  6:34  Drone  
  86  6:35  Drone  
  88  6:41  Roach x5  
  88  6:42  Roach x3  
  104  6:59  Hydralisk  
  104  7:00  Hydralisk x10  
  126  7:08  Evolution Chamber  
  125  7:11  Grooved Spines  
  125  7:15  Hive  
  125  7:19  Lurker Den  
  125  7:20  Zerg Missile Weapons Level 2  
  124  7:26  Drone x3  
  124  7:27  Drone  
  121  7:30  Roach  
  121  7:31  Roach x6  
  135  7:38  Hydralisk x3  
  135  7:41  Zerg Ground Armor Level 1  
  141  7:51  Drone x9  
  146  8:14  Hydralisk x3  
  146  8:18  Overlord  
  146  8:19  Overlord x8  
  152  8:23  Muscular Augments  
  152  8:37  Drone x2, Hatchery  
  152  8:39  Drone  
  154  8:42  Drone  
  154  8:48  Roach x7  
  169  8:52  Seismic Spines  
  169  8:57  Hatchery  
  169  8:59  Drone x6  
  169  9:01  Extractor  
  169  9:02  Extractor  
  172  9:18  Hydralisk  
  172  9:19  Hydralisk x7  
  188  9:33  Drone x3  
  188  9:34  Drone x2  
  188  9:35  Drone  
  188  9:36  Hydralisk x3  
  200  9:38  Zerg Ground Armor Level 2  
  200  9:39  Zerg Missile Weapons Level 3  
  200  9:49  Adaptive Talons  
  154  10:52  Roach  
  154  10:53  Roach x22  
  200  11:28  Hydralisk x8  
  200  11:29  Hydralisk  
  174  11:46  Hydralisk  
  158  11:47  Hydralisk x19  
  156  12:10  Roach  
  156  12:11  Roach x15  
  180  12:22  Zerg Ground Armor Level 3  
  170  13:03  Roach x15  
  170  13:04  Roach x10  
  190  13:20  Roach x7  
  144  14:14  Roach  
  144  14:15  Roach x26  
  144  14:16  Roach  
  178  14:47  Hydralisk  
  178  14:48  Hydralisk x17  
  182  15:12  Hydralisk x9  
  196  16:01  Roach x6  
  196  16:02  Roach x7  
Tags
 
Composition
Roach Hydra
Matchup
TvZ
Player
ViBE
Replay Pack
Gold_League
Spawn Locations
Cross Positions
Add a new tag
Caveats
  • Supply blocks, unpowered buildings, or Contaminate may cause inaccurate times.
  • Supply counts are checked every 10 seconds.